 Dungeon Crawl Stone Soup version 0.31.0-9-g3a7656b989 (webtiles) character file.

Game seed: 2023779861397010881

14437 Gottschkopf the Arsonist (level 11, -2/54 HPs)
             Began as a Deep Elf Conjurer on Jan 29, 2024.
             Was a High Priest of Ru.
             Killed from afar by a gargoyle (20 damage)
             ... with a stone arrow
             ... on level 12 of the Dungeon.
             The game lasted 00:58:40 (16191 turns).

Gottschkopf the Arsonist (Deep Elf Conjurer)       Turns: 16191, Time: 00:58:43

Health: -2/54      AC:  7    Str:  4    XL:     11   Next: 88%
Magic:  16/27      EV: 16    Int: 28    God:    Ru [*****.]
Gold:   745        SH:  0    Dex: 19    Spells: 5/31 levels left

rFire   . . .        w - +3 dagger (venom)
rCold   . . .        (shield unavailable)
rNeg    . . .        v - +0 troll leather armour
rPois   .            (no helmet)
rElec   .            x - +0 cloak
rCorr   .            (no gloves)
SInv    .            p - +2 pair of boots
Will    +....        (no amulet)
Stlth   ++           (ring unavailable)
HPRegen 1.09/turn    e - +6 ring of dexterity
MPRegen 0.20/turn

%: clarity
@: no status effects
A: missing a hand, inability to use devices, hated by all, clarity, mutation
resistance 1
a: Renounce Religion, Draw Out Power, Power Leap, Apocalypse


You were on level 12 of the Dungeon.
You worshipped Ru.
Ru was extremely pleased with you.
You visited 1 branch of the dungeon, and saw 12 of its levels.

You collected 745 gold pieces.

Inventory:

Hand Weapons
 w - a +3 dagger of venom (weapon)
Armour
 a - a +0 robe
 h - +0 acid dragon scales
 p - a +2 pair of boots (worn)
 v - a +0 troll leather armour (worn)
 x - a +0 cloak (worn)
Magical Staves
 l - a staff of fire
 o - a staff of death
 z - a staff of cold
Jewellery
 e - a +6 ring of dexterity (right hand)
 u - a ring of resist corrosion
Scrolls
 b - 4 scrolls of fear
 g - 2 scrolls of fog
 i - a scroll of vulnerability
 k - a scroll of poison
 q - a scroll of silence
 r - 2 scrolls of revelation
 s - 6 scrolls of teleportation
 t - a scroll of enchant weapon
 y - a scroll of noise
Potions
 c - a potion of haste
 d - 2 potions of might
 f - 3 potions of attraction
 j - 7 potions of curing
 m - 3 potions of mutation
 n - a potion of heal wounds


   Skills:
 + Level 9.5 Dodging
 - Level 2.4 Stealth
 + Level 10.5 Spellcasting
 + Level 10.2 Conjurations
 - Level 2.6 Translocations
 * Level 13.6 Fire Magic
 - Level 5.3 Alchemy


You had 5 spell levels left.
You knew the following spells:

 Your Spells              Type           Power      Damage    Failure   Level
a - Magic Dart            Conj           100%       1d8       1%          1
b - Searing Ray           Conj           100%       2d8       1%          2
c - Fulminant Prism       Conj/Alch      27%        3d14      2%          4
d - Iskenderun's Mystic   Conj/Tloc      50%        2d11      4%          4
e - Sticky Flame          Fire/Alch      61%        2d10      1%          4
f - Ignition              Fire           37%        3d11      86%         8
g - Sigil of Binding      Hex            14%        N/A       21%         3

Your spell library contained the following spells:

 Spells                   Type           Power      Damage    Failure   Level
 Ignite Poison            Fire/Alch      61%        N/A       1%          4
 Passage of Golubria      Tloc           29%        N/A       22%         4
 Dimensional Bullseye     Hex/Tloc       11%        N/A       36%         4
 Silence                  Hex/Air        7%         N/A       88%         5
 Lehudib's Crystal Spear  Conj/Erth      21%        10d6      100%        8
 Call Canine Familiar     Summ           Unusable   N/A       N/A         3

Dungeon Overview and Level Annotations

Branches:
Dungeon (12/15)            Temple (0/1) D:6            Lair (0/5) D:9
    Orc (0/2) D:12

Altars:
Cheibriados
Makhleb
Nemelex Xobeh
Ru
Xom
Zin
The Shining One

Shops:
D:2 (

Annotations:
D:10 4 transporters


Innate Abilities, Weirdness & Mutations

You are missing a hand.
You cannot study or use magical devices.
You are hated by all.
You possess an exceptional clarity of mind.
You are somewhat resistant to further mutation.


Message History

The manticore is severely wounded.
The manticore begins to attack, but is stunned by your conviction!
The gargoyle hurls a stone arrow at you.
The stone arrow misses you.
Your fulminant prism explodes!
The blast of energy engulfs the manticore!!
You kill the manticore!
The blast of energy engulfs the gargoyle!!
The gargoyle is almost destroyed.
Casting: Magic Dart (safe; 1% risk of failure)
Confirm with . or Enter, or press ? or * to list all spells.
Aiming: Magic Dart (safe; 1% risk of failure)
Press: ? - help, Shift-Dir - straight line, f - gargoyle
Aim: a gargoyle, wielding a +0 mace (poison gas, almost destroyed, 100% to hit)
The magic dart hits the gargoyle but does no damage.
The gargoyle is almost destroyed.
You carefully extract the barbed spikes from your body.
You are too injured to fight recklessly!
Casting: Magic Dart (safe; 1% risk of failure)
Confirm with . or Enter, or press ? or * to list all spells.
Aiming: Magic Dart (safe; 1% risk of failure)
Press: ? - help, Shift-Dir - straight line, f/p - gargoyle
Aim: a gargoyle, wielding a +0 mace (poison gas, almost destroyed, 100% to hit)
The magic dart hits the gargoyle but does no damage.
The gargoyle is almost destroyed.
You hit the gargoyle but do no damage.
The gargoyle is almost destroyed.
The gargoyle hits you with a +0 mace!
* * * LOW HITPOINT WARNING * * *
Okay, then.
Okay, then.
Magic courses through your body. The gargoyle completely misses you.
Casting: Magic Dart (safe; 1% risk of failure)
Confirm with . or Enter, or press ? or * to list all spells.
You erupt in a blast of force!
The mystic blast hits the gargoyle but does no damage.
The gargoyle is almost destroyed.
The gargoyle hurls a stone arrow at you.
The stone arrow hits you!!
You die...

#...........#......#...........
#...........#○§○☼☼§#######.....
#...#####...#☼☼§☼○○# ##....#
#...##.##...#§○○§○§# #.....#
#...........#§☼☼§§○# #......
#...........#§§§§§§# #......
#...........#○☼§☼☼§# #......
#...........#§☼§§○☼# #......
######'##..##§@§§§○# #...#..
#...##.##..#§.9§§○§########'#..
#..........#§§§§§§§☼§§.........
#..........#§○§○§☼○§§☼.........
#..........#†§§§○§☼§○☼.>.......
############§.§§○○§§☼§.........
.§§#+####§§§......... .☼§§'
#§§§......... ......#
#............


You could see a gargoyle.

Vanquished Creatures
  3 two-headed ogres
  Pikel (D:6)
  2 manticores (D:12)
  4 cyclopes
  An elephant (D:9)
  A gargoyle (D:11)
  A komodo dragon (D:12)
  A troll (D:12)
  Grinder (D:3)
  A hornet (D:7)
  The ghost of Skimidon the Cudgeller, an amateur GrRe (D:4)
  Sigmund (D:2)
  2 shadows
  A wraith (D:9)
  A human (D:12)
  2 wyverns (D:9)
  A warg (D:12)
  10 yaks
  Menkaure (D:5)
  A steam dragon (D:7)
  2 vampire mosquitoes (D:10)
  2 acid dragons (D:11)
  A water moccasin (D:9)
  Edmund (D:5)
  5 orc warriors
  An ice beast (D:7)
  3 black bears
  6 ogres
  3 centaurs
  2 lemures (D:6)
  5 kobold brigands
  3 bullfrogs
  2 gnoll sergeants (D:5)
  3 scorpions (D:6)
  9 wights
  11 killer bees (D:8)
  4 howler monkeys
  3 jellies
  2 bombardier beetles
  4 hounds
  9 orc priests
  4 gnoll boudas (D:11)
  A sleepcap (D:4)
  An iguana (D:4)
  11 orc wizards
  12 gnolls
  11 adders
  3 ufetubi
  2 ribbon worms
  4 dart slugs
  53 orcs
  13 endoplasms
  A giant cockroach (D:4)
  7 goblins
  4 hobgoblins
  9 jackals
  9 kobolds
  A quokka (D:2)
  A ball python (D:2)
  3 bats
  4 frilled lizards
  2 rats
  A fulminant prism (D:4)
275 creatures vanquished.

Vanquished Creatures (others)
  112 fulminant prisms
112 creatures vanquished.

Grand Total: 387 creatures vanquished

Notes
Turn   | Place    | Note
-------+----------+-------------------------------------------
     0 | D:1      | Gottschkopf the Deep Elf Conjurer began the quest for the
                  | Orb.
     0 | D:1      | Reached XP level 1. HP: 10/10 MP: 6/6
   402 | D:1      | Reached XP level 2. HP: 15/15 MP: 1/8
   605 | D:1      | Learned a level 2 spell: Searing Ray
   729 | D:2      | Reached skill level 5 in Conjurations
   857 | D:2      | Reached XP level 3. HP: 15/19 MP: 5/10
  1096 | D:2      | Noticed Sigmund
  1104 | D:2      | Killed Sigmund
  1105 | D:2      | Reached skill level 5 in Spellcasting
  1105 | D:2      | Reached XP level 4. HP: 12/24 MP: 3/13
  1105 | D:2      | Reached XP level 5. HP: 14/28 MP: 3/14
  1450 | D:2      | Found a shimmering altar of Xom.
  1588 | D:2      | Found Jucw's Antique Weapon Shoppe.
  2270 | D:3      | Found a glowing silver altar of Zin.
  2572 | D:3      | Found a burning altar of Makhleb.
  2765 | D:3      | Noticed Grinder
  2786 | D:3      | Killed Grinder
  2787 | D:3      | Reached XP level 6. HP: 10/32 MP: 9/17
  3453 | D:4      | Reached XP level 7. HP: 36/36 MP: 11/18
  3458 | D:4      | Learned a level 4 spell: Fulminant Prism
  3463 | D:4      | Learned a level 4 spell: Iskenderun's Mystic Blast
  3525 | D:4      | Reached skill level 1 in Alchemy
  4009 | D:4      | Reached skill level 1 in Translocations
  4205 | D:4      | Found a runed translucent door.
  4208 | D:4      | Noticed Skimidon's ghost (amateur GrRe)
  4419 | D:4      | Killed Skimidon's ghost
  4558 | D:5      | Entered Level 5 of the Dungeon
  4608 | D:5      | Reached skill level 1 in Fire Magic
  4608 | D:5      | Reached XP level 8. HP: 41/41 MP: 9/19
  4646 | D:5      | Noticed Menkaure
  4662 | D:5      | Killed Menkaure
  4663 | D:5      | Reached skill level 2 in Fire Magic
  4940 | D:5      | Reached skill level 3 in Fire Magic
  5232 | D:5      | Reached skill level 4 in Fire Magic
  5298 | D:5      | Noticed Edmund
  5306 | D:5      | Killed Edmund
  5307 | D:5      | Reached skill level 5 in Fire Magic
  5687 | D:5      | Reached skill level 6 in Fire Magic
  5693 | D:5      | Learned a level 4 spell: Sticky Flame
  6163 | D:6      | Reached XP level 9. HP: 38/45 MP: 12/20
  6260 | D:6      | Noticed Pikel
  6266 | D:6      | Killed Pikel
  6267 | D:6      | Reached skill level 7 in Fire Magic
  6335 | D:6      | Found a sacrificial altar of Ru.
  6343 | D:6      | Became a worshipper of Ru the Awakened
  6375 | D:6      | Found a staircase to the Ecumenical Temple.
  6609 | D:6      | Found a sparkling altar of Nemelex Xobeh.
  6821 | D:6      | Noticed a cyclops
  6833 | D:6      | Killed a cyclops
  6834 | D:6      | Reached skill level 8 in Fire Magic
  7383 | D:6      | Found a hazy altar of Hepliaklqana.
  7556 | D:7      | Found a snail-covered altar of Cheibriados.
  7677 | D:7      | Reached skill level 9 in Fire Magic
  7730 | D:7      | Learned a level 8 spell: Ignition
  8151 | D:7      | Gained mutation: You cannot study or use magical devices.
                  | [Ru sacrifice]
  8151 | D:7      | Reached * piety under Ru
  8151 | D:7      | Reached ** piety under Ru
  8270 | D:7      | Noticed a boulder beetle
  8797 | D:8      | Gained mutation: You have large cloven feet. [potion of
                  | mutation]
  8797 | D:8      | Gained mutation: You are somewhat resistant to further
                  | mutation. [potion of mutation]
  8802 | D:8      | Lost mutation: You are somewhat resistant to further
                  | mutation. [potion of mutation]
  8802 | D:8      | Lost mutation: You have large cloven feet. [potion of
                  | mutation]
  8802 | D:8      | Gained mutation: You are somewhat resistant to further
                  | mutation. [potion of mutation]
  8802 | D:8      | Gained mutation: You possess an exceptional clarity of
                  | mind. [potion of mutation]
  8864 | D:8      | Noticed a two-headed ogre
  8878 | D:8      | Killed a two-headed ogre
  8879 | D:8      | Reached skill level 5 in Dodging
  8879 | D:8      | Reached skill level 10 in Fire Magic
  8879 | D:8      | Reached XP level 10. HP: 50/50 MP: 1/24
 10137 | D:8      | Reached skill level 11 in Fire Magic
 10617 | D:9      | Noticed an elephant
 10625 | D:9      | Killed an elephant
 11139 | D:9      | Found a staircase to the Lair.
 11396 | D:10     | Entered Level 10 of the Dungeon
 11740 | D:10     | Noticed a two-headed ogre
 11766 | D:10     | Killed a two-headed ogre
 11767 | D:10     | Reached skill level 12 in Fire Magic
 11767 | D:10     | Reached XP level 11. HP: 26/54 MP: 1/26
 11918 | D:10     | Found a glowing golden altar of the Shining One.
 12188 | D:10     | Found a transporter.
 12189 | D:10     | Found a transporter.
 12216 | D:10     | Gained mutation: You are missing a hand. [Ru sacrifice]
 12216 | D:10     | Reached *** piety under Ru
 12216 | D:10     | Reached **** piety under Ru
 12216 | D:10     | Reached ***** piety under Ru
 12463 | D:10     | Found a transporter.
 12649 | D:10     | Found a transporter.
 13031 | D:11     | Noticed a two-headed ogre
 13044 | D:11     | Killed a two-headed ogre
 13392 | D:11     | Learned a level 3 spell: Sigil of Binding
 14399 | D:11     | Reached skill level 10 in Spellcasting
 15095 | D:12     | Reached skill level 13 in Fire Magic
 15248 | D:12     | Gained mutation: You are hated by all. [Ru sacrifice]
 15255 | D:12     | Reached skill level 5 in Alchemy
 15556 | D:12     | Reached skill level 10 in Conjurations
 15708 | D:12     | Found a staircase to the Orcish Mines.
 16191 | D:12     | Killed from afar by a gargoyle

Illustrated notes

Levels and vault maps discovered:
D:1:      wheals_arrival_shading, layout_rooms
D:2:      layout_loops_corners, serial_shops, nicolae_shop_real_fake_doors,
          basic_altar, uniq_sigmund
D:3:      layout_basic, lemuel_coloured_pillars_altar,
          mainiacjoe_overflow_six_doors_small, uniq_grinder
D:4:      layout_gridville, ebering_ghost_reflecting_pool
D:5:      cheibrodos_barr_body, layout_loops_ring, uniq_menkaure, uniq_edmund
D:6:      layout_gridville, worldfamousw_hep_ancestral_shrine,
          nicolae_ru_sacrificial_ziggurat, mainiacjoe_overflow_alcove_1,
          minmay_temple_entry_mini_moons, palyth_stone_intersect,
          kennysheep_crisscross, serial_library_hellmonk_open_square,
          blue_anna_alchemist, serial_bayou_lagoon_a, corexii_hall_statues_t,
          hangedman_decor_slide_cut, uniq_pikel
D:7:      layout_loops_ring, cheibriados_altar_1, patterned_corridor
D:8:      layout_cave_pools, minmay_misc_feat_rugged
D:9:      layout_basic, grunt_lair_entry_orc_guard_hut, enter_bailey_7
D:10:     layout_loops_corners, mainiacjoe_overflow_concentric_impassable,
          nicolae_diode_quadrants
D:11:     kennysheep_seaside_town, layout_layer_cave
D:12:     layout_gridville, erik_orc_4, serial_shops, kennysheep_little_box

Skill      XL: |  1  2  3  4  5  6  7  8  9 10 11 |
---------------+----------------------------------+-----
Conjurations   | 5 6 7 8 9 10 | 10.2
Spellcasting   | 5 6 8 9 10 | 10.5
Alchemy        | 1 2 3 5 |  5.3
Translocations | 2 |  2.6
Fire Magic     | 1 6 10 12 13 | 13.6
Dodging        | 5 7 9 |  9.5
Stealth        | |  2.4

Action                     |  1- 3 |  4- 6 |  7- 9 | 10-12 || total
---------------------------+-------+-------+-------+-------++-------
  Melee: Dagger            |       |       |    21 |     2 ||    23
         Staff             |       |       |     2 |    10 ||    12
   Cast: Magic Dart        |    50 |    82 |   136 |   207 ||   475
         Searing Ray       |     2 |     4 |    34 |    26 ||    66
         Fulminant Prism   |       |       |    30 |    83 ||   113
         Iskenderun's Myst |       |       |    12 |    21 ||    33
         Sticky Flame      |       |       |       |     2 ||     2
         Sigil of Binding  |       |       |       |     1 ||     1
 Invoke: Sacrifice Artific |       |       |     1 |       ||     1
         Sacrifice Love    |       |       |       |     1 ||     1
         Sacrifice a Hand  |       |       |       |     1 ||     1
    Use: Potion            |       |     1 |     8 |     2 ||    11
         Scroll            |       |       |     9 |     8 ||    17
   Stab: Sleeping          |       |       |     1 |       ||     1
 Armour: Robe              |     8 |     3 |    53 |    45 ||   109
         Skin              |       |       |    17 |       ||    17
         Troll leather arm |       |       |       |     9 ||     9
  Dodge: Dodged            |     4 |     9 |    57 |    81 ||   151
